 Dungeon Crawl Stone Soup version 0.31-a0-460-g9e667d4245 (webtiles) character file.

Game seed: 3538922385363553214

1849358 motkurizz the Crack Shot (level 24, 201/201 HPs)
             Began as a Demigod Hexslinger on Aug 4, 2023.
             Escaped with the Orb
             ... and 3 runes!
             The game lasted 02:47:22 (56283 turns).

motkurizz the Crack Shot (Demigod Hexslinger)      Turns: 56283, Time: 02:47:24

Health: 201/201    AC: 27    Str: 19    XL:     24   Next: 93%
Magic:  32/32      EV: 58    Int: 12    God:
Gold:   3421       SH:  0    Dex: 57    Spells: 27/29 levels left

rFire   + + .        m - +7 triple crossbow (freeze)
rCold   + + .        (shield currently unavailable)
rNeg    . . .        v - +4 faerie dragon scales {Will+ rCorr}
rPois   +            H - +2 helmet {SInv}
rElec   +            c - +2 cloak
rCorr   +            u - +2 pair of gloves {infuse}
SInv    +            d - +2 pair of boots {Stlth+}
Will    ++++.        L - amulet "Usmivut" {rF+ Will+ Regen+ Str+4}
Stlth   +++          R - +6 ring of dexterity
HPRegen 1.33/turn    G - ring of protection from cold
MPRegen 0.23/turn

%: random rage (3%), infuse magic (1 MP)
@: resistant (expiring), hasted, studying Summonings, very quick
A: high MP 1, forlorn, divine attributes, agile 2, berserk 1, deformed body,
frail 1, screaming 1, strong 1
0: Orb of Zot
}: 3/15 runes: decaying, serpentine, silver
a: no special abilities


You escaped.
You visited 9 branches of the dungeon, and saw 47 of its levels.
You also visited: Ice Cave and Volcano.

You collected 6855 gold pieces.
You spent 3434 gold pieces at shops.

Inventory:

Hand Weapons
 m - a +7 triple crossbow of freezing (weapon)
 T - a +3 arbalest of freezing
Armour
 a - the +1 cloak "Zigaeseq" {Will+}
   (You acquired it on level 5 of the Vaults)

   Will:      It increases your willpower.
 c - a +2 cloak (worn)
 d - a +2 pair of boots of stealth (worn)
 u - a +2 pair of gloves of infusion (worn)
 v - the +4 faerie dragon scales (worn) {Will+ rCorr}
   (You took it off the Enchantress on level 2 of the Depths)

   rCorr:     It protects you from acid and corrosion.
   Will:      It increases your willpower.
 H - a +2 helmet of see invisible (worn)
Jewellery
 s - a ring of positive energy
 y - a +4 ring of protection
 D - the ring "Toewnue" {rF- rC+++ rN++ MP-9 AC+4}
   (You took it off a vault guard on level 5 of the Vaults)

   [ring of protection]

   AC:        It affects your AC (+4).
   rF:        It makes you vulnerable to fire.
   rC:        It renders you almost immune to cold.
   rN:        It greatly protects you from negative energy.
   MP:        It affects your magic capacity (-9).
 G - a ring of protection from cold (right hand)
 K - the ring "Taqen" {Fire Contam +Blink Will++ Stlth-}
   (You bought it in a shop on level 6 of the Dungeon)

   [ring of fire]

   It enhances your fire magic.
   rF:        It protects you from fire.
   rC:        It makes you vulnerable to cold.
   +Blink:    It lets you blink.
   Contam:    It causes magical contamination when unequipped.
   Will:      It greatly increases your willpower.
   Stlth:     It makes you less stealthy.
 L - the amulet "Usmivut" (around neck) {rF+ Will+ Regen+ Str+4}
   (You bought it in a shop on level 2 of the Depths)

   [amulet of regeneration]

   Str:       It affects your strength (+4).
   rF:        It protects you from fire.
   Regen:     It increases your rate of health regeneration.
   Will:      It increases your willpower.
 O - the amulet "Ceagiy" {Faith rF+ Dex+5}
   (You took it off a deep elf master archer on level 3 of the Elven Halls)

   [amulet of faith]

   It allows you to gain divine favour quickly.
   Dex:       It affects your dexterity (+5).
   rF:        It protects you from fire.
 R - a +6 ring of dexterity (left hand)
 X - the ring "Suwk" {rPois rCorr}
   (You bought it in a shop on level 2 of the Snake Pit)

   [ring of resist corrosion]

   rPois:     It protects you from poison.
   rCorr:     It protects you from acid and corrosion.
Wands
 i - a wand of digging (35)
 r - a wand of acid (31)
 P - a wand of mindburst (9)
 U - a wand of paralysis (28)
 W - a wand of roots (29)
Scrolls
 b - 5 scrolls of poison
 e - 9 scrolls of immolation
 g - a scroll of amnesia
 k - 7 scrolls of fog
 p - 7 scrolls of brand weapon
 E - 7 scrolls of fear
 N - 8 scrolls of teleportation
 S - 11 scrolls of enchant armour
 Y - 4 scrolls of butterflies
Potions
 h - 10 potions of brilliance
 j - 11 potions of attraction
 l - 13 potions of might
 n - 6 potions of enlightenment
 o - 3 potions of haste
 q - 6 potions of magic
 t - 2 potions of heal wounds
 z - 11 potions of curing
 A - 6 potions of ambrosia
 B - 4 potions of berserk rage
 C - 10 potions of invisibility
 J - 2 potions of resistance
 Q - a potion of cancellation
 Z - 8 potions of mutation
Miscellaneous
 x - a sack of spiders
 M - a lightning rod (3/4)
 V - a phantom mirror


   Skills:
 - Level 20.0 Fighting
 - Level 26.0 Ranged Weapons
 + Level 18.9 Armour
 * Level 21.8 Dodging
 - Level 12.0 Stealth
 - Level 2.1 Shields
 - Level 3.0 Spellcasting
 - Level 3.0 Hexes
 - Level 4.0 Evocations


You had 27 spell levels left.
You knew the following spells:

 Your Spells              Type           Power      Damage    Failure   Level
a - Slow                  Hex            36%        N/A       9%          1
b - Summon Small Mammal   Summ           4%         N/A       28%         1

Your spell library contained the following spells:

 Spells                   Type           Power      Damage    Failure   Level
 Confusing Touch          Hex            9%         N/A       24%         3
 Freeze                   Ice            4%         1d3       28%         1
 Kiss of Death            Conj/Necr      4%         2d5       28%         1
 Necrotise                Necr           4%         1d4       28%         1
 Blink                    Tloc           2%         N/A       38%         2
 Cigotuvi's Dreadful Rot  Necr/Pois/Air  2%         N/A       38%         2
 Passwall                 Tmut/Erth      0%         N/A       38%         2
 Poisonous Vapours        Pois/Air       2%         N/A       38%         2
 Sublimation of Blood     Necr           1%         N/A       38%         2
 Wereblood                Tmut           1%         N/A       38%         2
 Inner Flame              Hex/Fire       5%         N/A       41%         3
 Portal Projectile        Hex/Tloc       10%        N/A       41%         3
 Summon Guardian Golem    Hex/Summ       5%         N/A       41%         3
 Call Canine Familiar     Summ           1%         N/A       63%         3
 Frozen Ramparts          Ice            2%         1d1       63%         3
 Hailstorm                Conj/Ice       1%         3d3       63%         3
 Ignite Poison            Fire/Tmut/Pois 1%         N/A       63%         3
 Mephitic Cloud           Conj/Pois/Air  1%         N/A       63%         3
 Ozocubu's Armour         Ice            1%         N/A       63%         3
 Stone Arrow              Conj/Erth      2%         3d7       63%         3
 Vampiric Draining        Necr           1%         2d6       63%         3
 Vhi's Electric Charge    Tloc/Air       2%         N/A       63%         3
 Volatile Blastmotes      Fire/Tloc      2%         2d10      63%         3
 Cause Fear               Hex            4%         N/A       63%         4
 Fulminant Prism          Conj/Hex       2%         3d5       83%         4
 Leda's Liquefaction      Hex/Erth       2%         N/A       83%         4
 Airstrike                Air            0%         2d(1-17)  95%         4
 Animate Armour           Summ/Erth      2%         N/A       95%         4
 Dispel Undead            Necr           1%         3d6       95%         4
 Flame Wave               Conj/Fire      1%         2d4       95%         4
 Iskenderun's Mystic Bla  Conj/Tloc      1%         2d3       95%         4
 Manifold Assault         Tloc           1%         N/A       95%         4
 Passage of Golubria      Tloc           1%         N/A       95%         4
 Sticky Flame             Conj/Fire      1%         2d3       95%         4
 Summon Ice Beast         Ice/Summ       1%         N/A       95%         4
 Summon Lightning Spire   Summ/Air       1%         N/A       95%         4
 Metabolic Englaciation   Hex/Ice        2%         N/A       99%         5
 Silence                  Hex/Air        2%         N/A       99%         5
 Summon Mana Viper        Hex/Summ       5%         N/A       99%         5
 Yara's Violent Unravell  Hex/Tmut       2%         3d3       99%         5
 Agony                    Necr           1%         N/A       100%        5
 Arcjolt                  Conj/Air       0%         1d10      100%        5
 Freezing Cloud           Conj/Ice/Air   0%         6-21      100%        5
 Irradiate                Conj/Tmut      0%         3d11      100%        5
 Lee's Rapid Deconstruct  Erth           0%         3d4*      100%        5
 Summon Forest            Summ/Tloc      0%         N/A       100%        5
 Death Channel            Necr           0%         N/A       100%        6
 Eringya's Noxious Bog    Tmut/Pois      0%         4d6       100%        6
 Leda's Unmaking          Conj/Erth      0%         9d1       100%        6
 Simulacrum               Ice/Necr       0%         N/A       100%        6
 Summon Cactus Giant      Summ           0%         N/A       100%        6
 Enfeeble                 Hex            4%         N/A       100%        7
 Malign Gateway           Summ/Tloc      0%         N/A       100%        7
 Summon Hydra             Summ           0%         N/A       100%        7
 Ignition                 Fire           0%         3d3       100%        8
 Infestation              Necr           0%         N/A       100%        8
 Lehudib's Crystal Spear  Conj/Erth      0%         10d2      100%        8
 Maxwell's Capacitive Co  Air            0%         ∞         100%        8
 Summon Horrible Things   Summ           0%         N/A       100%        8
 Chain Lightning          Conj/Air       0%         2d1       100%        9
 Fire Storm               Conj/Fire      0%         6d1       100%        9
 Shatter                  Erth           0%         3d5*      100%        9


Dungeon Overview and Level Annotations

Branches:
Dungeon (15/15)            Temple (0/1) D:7            Lair (5/5) D:9
  Swamp (4/4) Lair:3        Snake (4/4) Lair:3        Slime (0/5) Lair:4
    Orc (2/2) D:10            Elf (3/3) Orc:2        Vaults (5/5) D:13
  Crypt (0/3) Vaults:2     Depths (4/4) D:15            Zot (5/5) Depths:4
  IceCv (visited)         Volcano (visited)

Shops:
D:1 [   D:4 *   D:6 =   Orc:2 ??((   Elf:3 (   Snake:2 :**   Vaults:1 (
Vaults:2 [   Vaults:4 *   Depths:1 :   Depths:2 =

Portals:
Hell: Depths:1 Depths:2 Depths:3 Depths:4
Abyss: D:13 Zot:3 Depths:2 Depths:3
Pandemonium: Depths:2
Ziggurat: Depths:2

Annotations:
D:1 exclusion: downstairs
D:3 exclusion: downstairs
D:4 exclusion: downstairs
D:6 2 transporters, Nevets123's ghost, novice MiBe
D:8 exclusion: downstairs
Depths:1 exclusion: downstairs
Depths:3 exclusion: downstairs
Depths:4 3 runed translucent doors
Zot:5 4 transporters


Innate Abilities, Weirdness & Mutations

You have an increased reservoir of magic. (+10% MP)
You shall have no god before yourself.
Your divine heritage dramatically boosts your attributes as you level up.
You are very agile. (Dex +8, Str/Int -2)
You sometimes lose your temper in combat.
Armour fits poorly on your strangely shaped body.
You are frail. (-10% HP)
You occasionally shout uncontrollably at your foes.
Your muscles are strong. (Str +4, Int/Dex -1)


Message History

The bolt freezes the hell hound.
You kill the hell hound!
No target in view!
No target in view!
(D) Dungeon (T) Temple (L) Lair (S) Swamp (P) Snake Pit (M) Slime Pits (O) Orcish Mines (E) Elven Halls (V) Vaults (C) Crypt (U) Depths (H) Hell (Z) Zot
Where to? (Enter - D:1, ? - help)
A Hell Sentinel comes into view.
You shoot a bolt. The bolt hits the Hell Sentinel!!!
The Hell Sentinel is moderately wounded.
You shoot a bolt. The bolt hits the Hell Sentinel!!!
The Hell Sentinel is severely wounded.
You shoot a bolt. The bolt hits the Hell Sentinel!!!
The Hell Sentinel is almost dead.
You shoot a bolt. The bolt hits the Hell Sentinel!!!
You kill the Hell Sentinel!
(D) Dungeon (T) Temple (L) Lair (S) Swamp (P) Snake Pit (M) Slime Pits (O) Orcish Mines (E) Elven Halls (V) Vaults (C) Crypt (U) Depths (H) Hell (Z) Zot
Where to? (Enter - D:1, ? - help) HP restored.
There is an open door here.
There is a stone staircase leading up here.
You climb upwards.
Level annotation: exclusion: downstairs
There is a stone staircase leading down here.
A tormentor comes into view.
The tormentor roars!
You can't go down here!
You shoot a bolt. The bolt hits the tormentor!
The bolt freezes the tormentor.
The tormentor is moderately wounded.
You shoot a bolt. The bolt hits the tormentor!!
The bolt freezes the tormentor.
You kill the tormentor!
You start to feel less resistant.
There is a staircase leading out of the dungeon here.
You can't go down here!
You have escaped!

#.....# #.............#....#
......###....###......#....#
#.....).#....#####........##
#######....##...#####...###
##.#.##.....###...#
######...##........####
##......###.........#####
#..########...♣.....##..#
##.## ####.....@...###..#
#..# ##.##.........##...#
..## ##..##........##.#.##
### #.....###.....##.#.# ..#
##.###.#####...##.#.#
#.###..###....#####.....###
#...............###...#...##
#.....####...>.##.#........##
.............####.###.......#


There were no monsters in sight!

Vanquished Creatures
  5 ancient liches (Zot:5)
  3 dread liches (Vaults:5)
  7 orbs of fire
  Mara (Depths:2)
  Bai Suzhen (Vaults:5)
  2 Killer Klowns (Zot:5)
  the Lernaean hydra (Swamp:4)
  Sojobo (Depths:2)
  Saint Roka (Elf:3)
  3 curse toes
  Xtahua (Vaults:5)
  9 golden dragons
  2 profane servitors
  the Enchantress (Depths:2)
  4 electric golems
  Zenata (D:13)
  2 Hell Sentinels
  2 Ice Fiends
  Asterion (Depths:2)
  18 tentacled monstrosities
  5 titans (Vaults:5)
  29 Orb Guardians
  3 deep elf blademasters
  2 liches (Depths:2)
  A walking divine tome (Depths:3)
  2 deep elf master archers (Elf:3)
  9 quicksilver dragons
  7 sphinxes
  8 death cobs
  13 storm dragons
  A pandemonium lord (Depths:3)
  Gastronok (D:11)
  The ghost of Flugkiller the Convoker, an adept DESh of Gozag (Snake:3)
  9 shadow dragons
  2 thorn hunters
  2 nagarajas (Snake:4)
  8 tengu reavers
  An azure jelly (Elf:2)
  8 draconian monks
  Roxanne (Swamp:1)
  2 draconian knights
  A fenstrider witch (Swamp:4)
  The ghost of stringoo the Unseen, an adept OpFi of Gozag (Swamp:2)
  A ghost moth (Zot:5)
  4 deep elf sorcerers (Elf:3)
  9 fire giants
  5 draconian scorchers
  A balrug (D:2)
  3 iron dragons
  6 frost giants
  23 vault wardens
  3 draconian stormcallers
  5 orc warlords
  3 spriggan defenders (Depths:2)
  2 deep elf elementalists (Elf:3)
  8 draconian shifters
  16 ironbound preservers
  13 ironbound thunderhulks
  5 draconian annihilators
  A juggernaut skeleton (Depths:3)
  3 war gargoyles
  17 stone giants
  3 vampire knights
  20 very ugly things
  4 deep elf demonologists (Elf:3)
  8 green draconians
  2 eleionomae
  The ghost of senseless the Mimic, a journeyman MfSh of the Shining One (D:13)
  4 bunyips
  16 purple draconians
  7 white draconians
  6 black draconians
  11 yellow draconians
  5 spark wasps
  13 dire elephants
  12 red draconians
  9 deep elf death magi
  5 deep elf annihilators (Elf:3)
  3 crystal guardians
  A green death (Depths:3)
  15 ettins
  4 deep elf high priests
  A spriggan zombie (Depths:3)
  21 yaktaur captains
  A merfolk impaler (Depths:1)
  9 fire dragons
  5 great orbs of eyes
  5 rakshasas
  17 hydras
  A caustic shrike simulacrum (IceCv)
  2 peacekeepers
  7 spriggan air magi
  5 salamander tyrants
  3 ghost crabs
  7 ice dragons
  6 ogre magi
  3 catoblepae
  36 vault guards
  9 ironbound frosthearts
  The ghost of floatRand the Cleaver, a journeyman FoFi of Qazlal (D:10)
  4 boulder beetles
  An alligator (shapeshifter) (Vaults:5)
  11 centaur warriors
  24 dancing weapons
  7 anacondas
  8 tengu warriors
  21 two-headed ogres
  2 merfolk aquamancers (D:14)
  6 alligators
  3 death yaks (Lair:5)
  13 deep troll shamans
  3 vampire magi
  7 spriggan berserkers
  11 shock serpents
  4 hell hogs (Depths:1)
  8 deep troll earth magi
  10 hell knights
  9 naga sharpshooters
  13 naga warriors
  2 orc high priests (Elf:3)
  A storm dragon zombie (Depths:2)
  11 sun demons
  29 spriggans
  5 soul eaters
  A skyshark (Lair:5)
  12 deep elf knights
  12 iron trolls
  Lodul (D:10)
  A sea snake (shapeshifter) (D:15)
  4 salamander mystics
  3 spriggan druids
  2 goliath frogs (Swamp:3)
  83 deep trolls
  2 shadow demons (Elf:3)
  A flayed ghost (Depths:1)
  An orange crystal statue (IceCv)
  3 naga ritualists
  14 swamp dragons
  4 wizards
  5 bog bodies
  3 glowing orange brains
  A lindwurm (shapeshifter) (Depths:1)
  6 deep elf archers
  16 lindwurms
  7 necromancers
  5 phantasmal warriors
  9 ironbound convokers
  A tengu skeleton (Depths:2)
  4 harpies (Vaults:5)
  34 ugly things
  25 deep elf pyromancers
  16 orc knights
  7 mana vipers
  2 fire giant zombies (Depths:2)
  16 deep elf zephyrmancers
  4 oklob plants (Lair:4)
  19 salamanders
  8 orc sorcerers
  2 worldbinders (D:13)
  A frost giant zombie (Depths:3)
  4 cyclopes
  A shining eye (shapeshifter) (Depths:4)
  6 will-o-the-wisps
  2 water nymphs (D:14)
  20 elephants
  24 black mambas
  19 vault sentinels
  9 guardian serpents
  26 moths of wrath
  Joseph (D:8)
  A frost giant skeleton (Depths:2)
  16 naga magi
  4 smoke demons
  A torpor snail (Lair:3)
  6 cane toads
  2 gargoyles (D:13)
  A hellion (Depths:1)
  Maggie (D:6)
  A cane toad (shapeshifter) (Elf:3)
  11 komodo dragons
  A tormentor (D:1)
  3 kobold demonologists
  4 rime drakes
  4 tengu conjurers
  An efreet (Depths:3)
  57 yaktaurs
  4 freezing wraiths
  A queen bee (D:10)
  A golden dragon simulacrum (IceCv)
  5 trolls
  11 tyrant leeches
  The ghost of NigelTetley the Sneak, a novice SpEn (D:5)
  2 bloated husks
  5 polar bears
  16 blink frogs
  A wolf spider simulacrum (D:14)
  Grinder (D:6)
  20 hornets
  A raiju (D:13)
  13 dream sheep
  6 water elementals
  5 air elementals
  31 slime creatures
  24 yaks
  4 shadows
  A wraith (D:5)
  6 wyverns
  6 basilisks
  Grum (D:9)
  A wyvern (shapeshifter) (D:14)
  A fire elemental (Elf:3)
  2 chaos spawn
  A neqoxec (Zot:5)
  A human (shapeshifter) (D:15)
  16 vampire mosquitoes
  3 wargs
  3 steam dragons (Volcano)
  49 nagas
  An acid dragon (D:13)
  A hydra simulacrum (IceCv)
  12 swamp worms
  4 hell hounds (D:2)
  Duvessa (D:5)
  A swamp worm (shapeshifter) (Elf:2)
  19 water moccasins
  A floating eye (Depths:2)
  3 ice beasts
  2 sky beasts
  10 swamp drakes
  35 orc warriors
  8 black bears
  3 alligator simulacra (IceCv)
  35 ogres
  38 wolves
  11 boggarts
  14 centaurs
  4 phantoms
  5 kobold brigands
  12 bullfrogs
  3 earth elementals (Elf:3)
  2 scorpions (D:6)
  3 troll zombies (D:10)
  Dowan (D:5)
  2 lindwurm simulacra (IceCv)
  35 killer bees
  8 howler monkeys
  4 electric eels (D:9)
  A crimson imp (Depths:3)
  A hound (D:5)
  2 jellies
  Crazy Yiuf (D:6)
  22 orc priests
  Terence (D:3)
  An iguana (D:5)
  Natasha (thrice) (D:4)
  13 orc wizards
  A sleepcap (D:6)
  2 yak simulacra (Lair:5)
  4 polar bear simulacra (Lair:5)
  4 wolf simulacra (Lair:5)
  3 ogre zombies (D:10)
  3 adders
  13 gnolls
  2 white imps
  An ufetubus (D:5)
  4 worms
  6 dart slugs
  54 orcs
  6 ball pythons
  3 bats (D:1)
  6 endoplasms
  4 giant cockroaches
  8 goblins
  3 hobgoblins
  4 jackals (D:2)
  19 kobolds
  A quokka (D:1)
  2 frilled lizards
  A goblin skeleton (D:10)
  2 goblin zombies (D:10)
  3 hobgoblin skeletons (D:10)
  2 hobgoblin zombies (D:10)
  11 orc zombies (D:10)
  6 rats
  A river rat simulacrum (Lair:5)
  A lurking horror (Zot:3)
2119 creatures vanquished.

Vanquished Creatures (collateral kills)
  A storm dragon (Zot:5)
  A tengu reaver (Depths:2)
  A tengu warrior (Depths:2)
3 creatures vanquished.

Vanquished Creatures (others)
  A vault warden (Vaults:4)
  An ironbound preserver (Vaults:2)
  2 bloated husks
  20 foxfires
24 creatures vanquished.

Grand Total: 2146 creatures vanquished

Notes
Turn   | Place    | Note
-------+----------+-------------------------------------------
     0 | D:1      | motkurizz the Demigod Hexslinger began the quest for the
                  | Orb.
     0 | D:1      | Reached XP level 1. HP: 15/15 MP: 4/4
    25 | D:1      | Reached skill level 1 in Fighting
    65 | D:1      | Reached skill level 2 in Ranged Weapons
   132 | D:1      | Reached XP level 2. HP: 23/23 MP: 5/5
   407 | D:1      | Found Unath's Armour Shop.
   775 | D:2      | Reached XP level 3. HP: 28/28 MP: 6/6
  1156 | D:2      | Learned a level 1 spell: Summon Small Mammal
  1474 | D:2      | Reached skill level 3 in Ranged Weapons
  1809 | D:3      | Noticed Terence
  1854 | D:3      | Killed Terence
  1855 | D:3      | Reached XP level 4. HP: 36/36 MP: 8/8
  2446 | D:4      | Noticed a phantom
  2603 | D:4      | Noticed Natasha
  2683 | D:4      | Killed Natasha
  2881 | D:4      | Found Muawnas's Lightly-Used Armoury.
  2916 | D:4      | Bought a -1 hand crossbow for 1 gold piece
  2916 | D:4      | Bought a -3 triple crossbow for 1 gold piece
  3190 | D:4      | Noticed Natasha
  3194 | D:4      | Killed Natasha
  3195 | D:4      | Reached skill level 1 in Armour
  3195 | D:4      | Reached XP level 5. HP: 41/41 MP: 9/9
  3341 | D:4      | Reached skill level 4 in Ranged Weapons
  3590 | D:4      | Noticed Natasha
  3599 | D:4      | Killed Natasha
  3633 | D:5      | Entered Level 5 of the Dungeon
  3633 | D:5      | Noticed an ice beast
  3854 | D:1      | Bought a +2 pair of boots for 181 gold pieces
  4059 | D:5      | Noticed a black bear
  4064 | D:5      | Killed a black bear
  4065 | D:5      | Reached XP level 6. HP: 32/48 MP: 5/10
  4284 | D:5      | Noticed Dowan
  4297 | D:5      | Reached skill level 5 in Ranged Weapons
  4321 | D:5      | Noticed Duvessa
  4338 | D:5      | Killed Duvessa
  4339 | D:5      | Killed Dowan
  4340 | D:5      | Reached XP level 7. HP: 27/55 MP: 5/11
  4600 | D:5      | Found a runed translucent door.
  4600 | D:5      | Noticed a wraith
  4615 | D:5      | Noticed NigelTetley's ghost (novice SpEn)
  4842 | D:6      | Reached skill level 6 in Ranged Weapons
  4920 | D:6      | Found Obbokamm's Jewellery Boutique.
  4934 | D:6      | Noticed Grinder
  4945 | D:6      | Paralysed by Grinder for 3 turns
  4952 | D:6      | Killed Grinder
  4953 | D:6      | Reached XP level 8. HP: 54/61 MP: 9/12
  5021 | D:5      | Reached skill level 7 in Ranged Weapons
  5094 | D:6      | Reached skill level 5 in Dodging
  5195 | D:6      | Noticed Nevets123's ghost (novice MiBe)
  5196 | D:6      | Noticed a two-headed ogre
  5197 | D:6      | Found a transporter.
  5204 | D:6      | Found a transporter.
  5269 | D:6      | Found a runed translucent door.
  5269 | D:6      | Noticed Crazy Yiuf
  5295 | D:6      | Noticed Maggie
  5314 | D:6      | Killed Maggie
  5815 | D:7      | Reached skill level 8 in Ranged Weapons
  6048 | D:7      | Found a staircase to the Ecumenical Temple.
  6064 | D:7      | Reached skill level 5 in Armour
  6064 | D:7      | Reached XP level 9. HP: 45/68 MP: 9/13
  6680 | D:8      | Noticed Joseph
  6680 | D:8      | Noticed a cyclops
  7064 | D:9      | Noticed a two-headed ogre
  7147 | D:4      | Bought a -1 hand crossbow for 1 gold piece
  7330 | D:5      | Killed NigelTetley's ghost
  7437 | D:6      | Killed Crazy Yiuf
  7568 | D:8      | Killed a cyclops
  7569 | D:8      | Reached skill level 9 in Ranged Weapons
  7569 | D:8      | Reached skill level 1 in Evocations
  7581 | D:8      | Killed Joseph
  7610 | D:8      | You fall into a shaft and drop 3 floors!
  7616 | D:11     | Noticed Gastronok
  7627 | D:10     | Entered Level 10 of the Dungeon
  7654 | D:10     | Noticed a komodo dragon
  7660 | D:10     | Killed a komodo dragon
  7694 | D:10     | Found a runed translucent gate.
  7694 | D:10     | Noticed floatRand's ghost (journeyman FoFi)
  7695 | D:10     | Found a runed translucent gate.
  7695 | D:10     | Found a runed translucent gate.
  7871 | D:9      | Reached XP level 10. HP: 79/79 MP: 14/14
  8600 | D:9      | Reached skill level 10 in Ranged Weapons
  8685 | D:9      | Found a staircase to the Lair.
  8750 | D:9      | Noticed a six-headed hydra
  8785 | D:9      | Reached skill level 5 in Fighting
  9055 | D:9      | Noticed Grum
  9079 | D:9      | Killed Grum
  9149 | D:9      | Killed a two-headed ogre
  9335 | Lair:1   | Entered Level 1 of the Lair of Beasts
  9367 | Lair:1   | Reached XP level 11. HP: 89/89 MP: 15/15
  9424 | Lair:1   | Reached skill level 11 in Ranged Weapons
 10290 | Lair:2   | Noticed a catoblepas
 10467 | Lair:2   | Noticed a five-headed hydra
 10477 | Lair:2   | Killed a five-headed hydra
 10478 | Lair:2   | Reached skill level 12 in Ranged Weapons
 10572 | Lair:2   | Killed a catoblepas
 10709 | Lair:2   | Reached XP level 12. HP: 78/100 MP: 16/16
 11341 | Lair:3   | Identified a scroll of acquirement
 11342 | Lair:3   | Acquired a +3 arbalest of freezing
 11602 | Lair:3   | Found a staircase to the Swamp.
 11602 | Lair:3   | Noticed an eleionoma
 11607 | Lair:3   | Killed an eleionoma
 11608 | Lair:3   | Reached skill level 13 in Ranged Weapons
 11783 | Lair:3   | Found a staircase to the Snake Pit.
 12807 | Lair:4   | Found a staircase to the Slime Pits.
 13110 | Lair:5   | Entered Level 5 of the Lair of Beasts
 13118 | Lair:5   | Reached skill level 14 in Ranged Weapons
 13125 | Lair:5   | Reached skill level 10 in Dodging
 13133 | Lair:5   | Noticed an eight-headed hydra
 13136 | Lair:5   | Killed an eight-headed hydra
 13159 | Lair:5   | Reached XP level 13. HP: 99/110 MP: 15/17
 13251 | Lair:5   | Found a dark tunnel.
 13263 | Volcano  | Entered a volcano
 13970 | Lair:5   | Reached skill level 15 in Ranged Weapons
 14529 | Lair:5   | Identified the +7 chain mail of Doll {Fly rPois rN+++ Will-
                  | Dex-2}
 14856 | Lair:5   | Reached skill level 10 in Fighting
 15108 | Lair:5   | Reached XP level 14. HP: 122/122 MP: 19/19
 15630 | D:10     | Found a staircase to the Orcish Mines.
 15673 | D:10     | Reached skill level 16 in Ranged Weapons
 15950 | D:10     | Noticed Lodul
 15954 | D:10     | Killed Lodul
 15955 | D:10     | Reached skill level 1 in Shields
 16520 | D:10     | Killed floatRand's ghost
 16654 | D:11     | Killed Gastronok
 16839 | D:11     | Reached skill level 1 in Stealth
 17240 | Orc:1    | Entered Level 1 of the Orcish Mines
 17367 | D:6      | Bought the ring "Taqen" {Fire Contam +Blink Will++ Stlth-}
                  | for 598 gold pieces
 17374 | D:6      | Gained mutation: You are vulnerable to heat. (rF-)
                  | [mutagenic glow]
 17730 | Orc:2    | Entered Level 2 of the Orcish Mines
 18146 | Orc:2    | Found a staircase to the Elven Halls.
 18362 | Orc:2    | Found Juutz's Magic Scroll Boutique.
 18363 | Orc:2    | Found Fiask's Magic Scroll Emporium.
 18363 | Orc:2    | Found Inweepla's Weapon Shop.
 18363 | Orc:2    | Found Vetynum's Weapon Emporium.
 18370 | Orc:2    | Bought a scroll of enchant weapon for 97 gold pieces
 18377 | Orc:2    | Bought a scroll of blinking for 120 gold pieces
 18394 | Orc:2    | Bought 2 scrolls of identify for 64 gold pieces
 18399 | Orc:2    | Bought 3 scrolls of blinking for 292 gold pieces
 18400 | Orc:2    | Bought a scroll of enchant weapon for 120 gold pieces
 18400 | Orc:2    | Bought a scroll of enchant armour for 120 gold pieces
 18401 | Orc:2    | Bought a scroll of fear for 52 gold pieces
 18401 | Orc:2    | Bought a scroll of identify for 26 gold pieces
 18401 | Orc:2    | Bought a scroll of identify for 26 gold pieces
 18401 | Orc:2    | Bought a scroll of identify for 26 gold pieces
 18624 | Orc:1    | Noticed an orc warlord
 18750 | Orc:1    | Reached skill level 17 in Ranged Weapons
 18775 | Orc:1    | Killed an orc warlord
 19336 | D:12     | Reached XP level 15. HP: 130/130 MP: 23/23
 19356 | D:12     | Lost mutation: You are vulnerable to heat. (rF-) [potion of
                  | mutation]
 19356 | D:12     | Gained mutation: You are partially covered in iridescent
                  | scales. (AC +2) [potion of mutation]
 19356 | D:12     | Gained mutation: You are agile. (Dex +4, Str/Int -1)
                  | [potion of mutation]
 19356 | D:12     | Gained mutation: Your muscles are strong. (Str +4, Int/Dex
                  | -1) [potion of mutation]
 19356 | D:12     | Gained mutation: You are very agile. (Dex +8, Str/Int -2)
                  | [potion of mutation]
 19598 | D:13     | Found a transporter.
 19622 | D:13     | Found a transporter.
 20138 | D:13     | Found a gate to the Vaults.
 20264 | D:13     | Found a one-way gate to the infinite horrors of the Abyss.
 20264 | D:13     | Noticed senseless's ghost (journeyman MfSh)
 20265 | D:13     | Noticed a profane servitor
 20387 | D:14     | Reached skill level 5 in Stealth
 20961 | D:15     | Entered Level 15 of the Dungeon
 21500 | D:15     | Found a staircase to the Depths.
 21892 | D:6      | Bought the ring "Ocvuokin" {rPois Int+4} for 460 gold
                  | pieces
 22077 | Swamp:1  | Entered Level 1 of the Swamp
 22155 | Swamp:1  | Reached skill level 18 in Ranged Weapons
 22190 | Swamp:1  | Noticed Roxanne
 22212 | Swamp:1  | Killed Roxanne
 22732 | Swamp:2  | Found a runed translucent door.
 22732 | Swamp:2  | Noticed stringoo's ghost (adept OpFi)
 22755 | Swamp:2  | Noticed a thorn hunter
 23242 | Swamp:2  | Killed a thorn hunter
 23422 | Swamp:2  | Killed stringoo's ghost
 23648 | Swamp:3  | Reached XP level 16. HP: 143/143 MP: 24/24
 23963 | Swamp:4  | Entered Level 4 of the Swamp
 24458 | Swamp:4  | Noticed the 27-headed Lernaean hydra
 24774 | Swamp:4  | Killed the 27-headed Lernaean hydra
 24866 | Swamp:4  | Reached skill level 15 in Dodging
 24888 | Swamp:4  | Got a decaying rune of Zot
 25363 | Depths:1 | Entered Level 1 of the Depths
 25486 | Vaults:1 | Entered Level 1 of the Vaults
 25486 | Vaults:1 | Noticed Zenata
 25634 | Elf:1    | Entered Level 1 of the Elven Halls
 25677 | Elf:1    | Paralysed by an air elemental for 1 turns
 25771 | Elf:1    | Identified the +4 ring mail "Zevolelo" {Harm rC+ rCorr
                  | Str-4}
 26378 | Elf:1    | Identified the +0 glaive of Tartarus {venom, Str+3}
 26866 | Snake:1  | Entered Level 1 of the Snake Pit
 26895 | Snake:1  | Reached skill level 15 in Fighting
 27119 | Snake:1  | Reached XP level 17. HP: 149/156 MP: 23/25
 27537 | Snake:2  | Found Viuddeq's Assorted Antiques.
 27639 | Snake:2  | Bought a sparkling steel ring for 175 gold pieces
 27639 | Snake:2  | Identified the ring "Suwk" {rPois rCorr} (You bought it in
                  | a shop on level 2 of the Snake Pit)
 27661 | Snake:2  | Found Suimis's Book Shoppe.
 28135 | Snake:2  | Found Numuoc's Assorted Antiques.
 28554 | Snake:3  | Found a runed translucent door.
 28555 | Snake:3  | Noticed Flugkiller's ghost (adept DESh)
 28920 | Snake:3  | Killed Flugkiller's ghost
 28942 | Snake:4  | Entered Level 4 of the Snake Pit
 29231 | Snake:4  | Reached skill level 19 in Ranged Weapons
 29646 | Snake:4  | Identified the +8 scale mail of Obokecroy {rElec Regen+}
 30462 | Snake:4  | Got a serpentine rune of Zot
 31668 | Depths:1 | Reached XP level 18. HP: 150/152 MP: 26/26
 31746 | Depths:1 | Found a gateway to Hell.
 32388 | Depths:1 | Reached skill level 10 in Armour
 32412 | Depths:1 | Found Qanerino's Book Shoppe.
 32506 | Depths:2 | Found a one-way gateway to a ziggurat.
 32529 | Depths:1 | Reached skill level 20 in Ranged Weapons
 32538 | Depths:2 | Noticed the Enchantress
 32538 | Depths:2 | Noticed Mara
 32678 | D:13     | Killed Zenata
 33460 | Vaults:1 | Found Onleoz's Antique Weapon Shoppe.
 33788 | Vaults:1 | Identified the +2 ring mail of Puckish Happiness {rF+}
 33806 | Vaults:1 | Reached XP level 19. HP: 172/172 MP: 27/27
 34960 | Vaults:2 | Reached skill level 21 in Ranged Weapons
 35185 | Vaults:2 | Found Paloke's Antique Armour Emporium.
 35341 | Vaults:2 | Found a staircase to the Crypt.
 37482 | Vaults:4 | Reached XP level 20. HP: 183/183 MP: 28/28
 38141 | Vaults:4 | Reached skill level 22 in Ranged Weapons
 38327 | Vaults:4 | Found Wotiom's Assorted Antiques.
 39052 | D:13     | Killed a profane servitor
 39090 | D:13     | Killed senseless's ghost
 39093 | D:13     | Identified the ring "Naleseno" {Fly Dex+5}
 39792 | Depths:2 | Noticed Asterion
 39820 | Depths:2 | Lost mutation: You are partially covered in iridescent
                  | scales. (AC +2) [a cacodemon]
 39826 | Depths:2 | Killed Asterion
 40070 | Depths:2 | Noticed Sojobo
 40082 | Depths:2 | Killed Sojobo
 40601 | Depths:2 | Noticed a golden dragon
 40610 | Depths:2 | Killed a golden dragon
 40813 | Depths:2 | Reached skill level 15 in Armour
 41027 | Depths:2 | Noticed motkurizz's illusion
 41039 | Depths:2 | Killed Mara
 41208 | Depths:2 | Found Nuzoets's Jewellery Shop.
 41212 | Depths:2 | Paralysed by a floating eye for 4 turns
 41218 | Depths:2 | Paralysed by a floating eye for 2 turns
 41239 | Depths:2 | HP: 6/184 [ettin/+0 dire flail (24)]
 42081 | Depths:2 | Got the Parchment of Transition and Hail
 42145 | Depths:2 | Reached XP level 21. HP: 133/191 MP: 30/30
 42325 | Depths:2 | Killed the Enchantress
 42513 | Depths:2 | Found a one-way gate leading to the halls of Pandemonium.
 42568 | Depths:2 | Bought the amulet "Usmivut" {rF+ Will+ Regen+ Str+4} for
                  | 812 gold pieces
 43874 | Depths:4 | Entered Level 4 of the Depths
 44080 | Depths:4 | Found a runed translucent gate.
 44080 | Depths:4 | Found a runed translucent gate.
 44080 | Depths:4 | Found a runed translucent gate.
 44209 | Depths:4 | Noticed a golden dragon
 44213 | Depths:4 | Killed a golden dragon
 44284 | Depths:4 | Found a gate to the Realm of Zot.
 45043 | Elf:2    | Found a frozen archway.
 45064 | IceCv    | Entered an ice cave
 45109 | IceCv    | Found a transporter.
 45115 | IceCv    | Identified the +2 falchion "Nonirrik" {freeze, rPois Int+3}
 45123 | IceCv    | Found a transporter.
 45155 | IceCv    | Reached skill level 23 in Ranged Weapons
 45368 | Elf:2    | Found a runed translucent gate.
 45368 | Elf:2    | Found a runed translucent gate.
 45368 | Elf:2    | Found a runed translucent gate.
 46162 | Elf:3    | Entered Level 3 of the Elven Halls
 46195 | Elf:3    | Noticed Saint Roka
 46204 | Elf:3    | Found Utask's Antique Weapon Shop.
 46256 | Elf:3    | Killed Saint Roka
 47177 | Elf:3    | Reached skill level 24 in Ranged Weapons
 47412 | Elf:3    | Reached XP level 22. HP: 202/202 MP: 31/31
 47853 | Elf:3    | Identified the +8 dagger of Voatoit {heavy, Str+2 Int+3}
 47958 | Elf:3    | Identified the amulet "Ceagiy" {Faith rF+ Dex+5}
 48027 | Elf:3    | Got the Verses on Fetid Stones
 48464 | Snake:2  | Bought a scroll of enchant weapon for 262 gold pieces
 48852 | Vaults:5 | Entered Level 5 of the Vaults
 49033 | Vaults:5 | Reached skill level 25 in Ranged Weapons
 49044 | Vaults:5 | Got Avaratwua's Thorough Guide to Spellweaving
 49085 | Vaults:5 | Identified the +14 chain mail of Lust {Int+3}
 49345 | Vaults:5 | Acquired the +1 cloak "Zigaeseq" {Will+}
 49487 | Vaults:5 | Noticed Xtahua
 49488 | Vaults:5 | Killed Xtahua
 49508 | Vaults:5 | Reached skill level 26 in Ranged Weapons
 49592 | Vaults:5 | Noticed Bai Suzhen
 49598 | Vaults:5 | Killed Bai Suzhen
 49678 | Vaults:5 | Noticed a dread lich
 49680 | Vaults:5 | Killed a dread lich
 49691 | Vaults:5 | Noticed a dread lich
 49698 | Vaults:5 | Killed a dread lich
 49700 | Vaults:5 | Noticed a dread lich
 49706 | Vaults:5 | Killed a dread lich
 49971 | Vaults:5 | Identified the ring "Toewnue" {rF- rC+++ rN++ MP-9 AC+4}
 50136 | Vaults:5 | Got Lodyuwn's Atlas of Stormy Dark Liturgies
 50262 | Vaults:5 | Reached XP level 23. HP: 211/211 MP: 32/32
 50268 | Vaults:5 | Got a silver rune of Zot
 50277 | Vaults:5 | Identified the +6 chain mail "Losyodea" {rF- Str+3 Dex+3
                  | SInv}
 50392 | Vaults:5 | Identified the staff of Cataclysm {rN+ Int+3 Stlth+ Necro}
 50820 | Zot:1    | Entered Level 1 of the Realm of Zot
 51705 | Zot:2    | Reached skill level 10 in Stealth
 51783 | Zot:2    | Identified the +1 spear of Hell's Wrath {vamp, rC+ Str-4
                  | Int+5}
 51845 | Zot:2    | Noticed an orb of fire
 51846 | Zot:2    | Gained mutation: You occasionally shout uncontrollably at
                  | your foes. [an orb of fire]
 51852 | Zot:2    | Killed an orb of fire
 52201 | Zot:2    | Identified the +1 ring mail "Usaz" {rN+ rCorr}
 53817 | Zot:4    | Reached XP level 24. HP: 60/224 MP: 32/32
 54249 | Zot:5    | Entered Level 5 of the Realm of Zot
 54325 | Zot:5    | Found a transporter.
 54326 | Zot:5    | Found a transporter.
 54328 | Zot:5    | Found a transporter.
 54476 | Zot:5    | Found a transporter.
 54540 | Zot:5    | Identified the +5 long sword "Tormentor" {drain, rF- Will+
                  | MP-9 Str+4}
 54549 | Zot:5    | Noticed an orb of fire
 54549 | Zot:5    | Noticed an ancient lich
 54549 | Zot:5    | Noticed an ancient lich
 54549 | Zot:5    | Noticed an orb of fire
 54549 | Zot:5    | Noticed a Killer Klown
 54549 | Zot:5    | Noticed an orb of fire
 54550 | Zot:5    | Noticed an ancient lich
 54551 | Zot:5    | Noticed an ancient lich
 54561 | Zot:5    | Killed an ancient lich
 54567 | Zot:5    | Killed an orb of fire
 54574 | Zot:5    | Killed an orb of fire
 54578 | Zot:5    | Killed an ancient lich
 54584 | Zot:5    | Noticed an orb of fire
 54589 | Zot:5    | Gained mutation: You sometimes lose your temper in combat.
                  | [an orb of fire]
 54590 | Zot:5    | Killed an orb of fire
 54650 | Zot:5    | Killed an ancient lich
 54662 | Zot:5    | Killed an orb of fire
 54780 | Zot:5    | Noticed an orb of fire
 54781 | Zot:5    | Gained mutation: Armour fits poorly on your strangely
                  | shaped body. [an orb of fire]
 54784 | Zot:5    | Killed an orb of fire
 54785 | Zot:5    | Noticed an orb of fire
 54789 | Zot:5    | Noticed a Killer Klown
 54791 | Zot:5    | Gained mutation: You are frail. (-10% HP) [an orb of fire]
 54794 | Zot:5    | Killed an orb of fire
 54811 | Zot:5    | Noticed an ancient lich
 54816 | Zot:5    | Killed an ancient lich
 54965 | Zot:5    | Killed a Killer Klown
 55123 | Zot:5    | Killed a Killer Klown
 55125 | Zot:5    | Killed an ancient lich
 55652 | Zot:5    | Got the Orb of Zot
 55862 | Depths:3 | Noticed Qomonuk the pandemonium lord
 55868 | Depths:3 | Killed Qomonuk the pandemonium lord
 56283 | D:$      | Escaped with the Orb!

Illustrated notes

Levels and vault maps discovered:
D:1:      spicycebolla_green_bress_n_ham, layout_rooms, serial_shops, shop,
          ebering_ecumenical_altar_webs
D:2:      layout_basic
D:3:      layout_basic, uniq_terence
D:4:      layout_gridville, general_overflow_altar, minmay_shop_damaged,
          uniq_natasha
D:5:      layout_rooms, mainiacjoe_overflow_brackets, evilmike_ruin_ashenzari,
          serial_glass, glass_columns_b, glass_columns_c,
          ebering_ghost_inner_flame, minmay_misc_feat_plants,
          nicolae_figureground_sparkle, uniq_duvessa
D:6:      layout_cave_pools, mainiacjoe_overflow_alcove_2,
          mainiacjoe_overflow_catwalk, kennysheep_little_box,
          lemuel_doored_altar, gammafunk_ghost_smash, serial_shops,
          kennysheep_mini, minivault_25, solitary_fountain, uniq_maggie,
          uniq_crazy_yiuf_cottage, uniq_grinder
D:7:      layout_loops_cross, minmay_temple_entry_proselytizer
D:8:      layout_layer_cave, mainiacjoe_overflow_chevrons,
          kennysheep_cluttered_room, uniq_joseph
D:9:      layout_layer_cave, mainiacjoe_overflow_alcove_1,
          nicolae_overflow_crystal_walls, old_standard_altar,
          due_lair_maze_entry_diamond, minmay_holes, serial_bayou_lake_a,
          uniq_grum
D:10:     layout_basic, zombieorc1_lemuel, biasface_ghost_orc_armoury,
          minivault_16, minivault_7, uniq_lodul
D:11:     layout_rooms, fedhas_altar_3, uniq_gastronok
D:12:     layout_big_octagon
D:13:     layout_loops_ring, grunt_vaults_entry_fortified,
          gammafunk_ghost_abyssal_escape
D:14:     layout_rooms, serial_bayou_pond_c, nicolae_splish_splash
D:15:     hangedman_depths_entry_civil_slaughter, layout_layer_cave,
          reono_crystal_passage
Lair:1:   layout_regular_city
Lair:2:   layout_regular_city, lemuel_fruit_tree, infiniplex_staircase_pool,
          grunt_megastairs_2
Lair:3:   dreamdust_cave_troll, layout_long_grid,
          alex1729_swamp_entry_worm_eleionoma,
          minmay_snake_entry_guardpost_large, lemuel_fruit_fields
Lair:4:   layout_roguey, minmay_slime_entry_oklob_enclosed
Lair:5:   minmay_lair_end_enchanted_forest, layout_big_grid,
          nicolae_volcano_entry_lava_flow, basic_altar, eino_house_with_fridge
Swamp:1:  layout_basic_swamp, nicolae_swamp_feature_on_the_river_bank,
          uniq_roxanne
Swamp:2:  layout_falls_marsh, hellmonk_ghost_happy_afterlife,
          hangedman_swamp_lotus
Swamp:3:  layout_falls_marsh, evilmike_swamp_ruin_rubble_1
Swamp:4:  swamp_alternative, layout_basic_swamp
Snake:1:  layout_onion
Snake:2:  layout_gridlike, serial_shops, nicolae_shop_crystal,
          nicolae_shop_tiny_glass, nicolae_lakefront_shop
Snake:3:  layout_rooms, ebering_ghost_reflecting_pool
Snake:4:  snake_pit_salamanders_mu, layout_cave_town, nicolae_letterblocks
          [nicolae_letter_subblock, nicolae_letter_subblock,
          nicolae_letter_subblock, nicolae_letter_subblock,
          nicolae_letter_subblock, nicolae_letter_subblock,
          nicolae_letter_subblock, nicolae_letter_subblock,
          nicolae_letter_subblock, nicolae_letter_subblock,
          nicolae_letter_subblock, nicolae_letter_subblock,
          nicolae_letter_subblock, nicolae_letter_subblock,
          nicolae_letter_subblock, nicolae_letter_subblock,
          nicolae_letter_subblock, nicolae_letter_subblock,
          nicolae_letter_subblock, nicolae_letter_subblock,
          nicolae_letter_subblock, nicolae_letter_subblock,
          nicolae_letter_subblock, nicolae_letter_subblock,
          nicolae_letter_subblock]
Orc:1:    layout_caves, special_room [special_room_orc]
Orc:2:    st_orc_ogre_mass, layout_diamond_mine
Elf:1:    nicolae_elf_arrival_aired_out, layout_rooms,
          kennysheep_underground_church
Elf:2:    nicolae_elf_blades_splatter_lattice [mumra_blade_entry_dagger],
          layout_loops_cross, portal_ice_cave_entry_frozen_things
Elf:3:    elf_hall_gauntlet_wide, layout_geoelf_octagon, serial_shops,
          nicolae_shop_tiny_statue_garden, hangedman_summoners_spam,
          uniq_saint_roka
Vaults:1: vaults_mumra_bighexcomb, vaults_room_semicircle,
          nicolae_vaults_big_angled_halls, nicolae_vaults_offset_grid_hallway_1,
          nicolae_vaults_border_crossing, ontoclasm_vaults_claustrophobia,
          v_misc_15, nicolae_vaults_little_squares_4, v_misc_9,
          hangedman_vaults_maws, ontoclasm_vaults_chip, layout_vaults_omnicross,
          serial_shops, nicolae_shop_tiny_glass, uniq_zenata
Vaults:2: vaults_room_stairs_pillars, hangedman_vaults_cutoff, v_misc_13,
          minmay_crypt_entry_simple_walls, nicolae_vaults_enemy_cabinets,
          vaults_room_grid, hangedman_vaults_locks, ontoclasm_vaults_idyll,
          nicolae_vaults_closet_pinwheel_2, v_rooms_6, layout_vaults_big_room,
          serial_shops, shop
Vaults:3: grunt_vaults_focal, nicolae_vaults_specimen_jars,
          vaults_mumra_hexcomb, vaults_dpeg_encased_lava, vaults_room_door_hall,
          v_misc_28, hangedman_vaults_corner_blocks, hangedman_vaults_snaps,
          nicolae_vaults_asterisk, nicolae_vaults_little_squares_2,
          hangedman_vaults_stagger, nicolae_vaults_little_squares_5,
          v_pattern_5, nicolae_vaults_apartment_1, vaults_room_stairs_pillars,
          layout_vaults_ring
Vaults:4: v_misc_18, vaults_dpeg_cross, nicolae_vaults_diamond_1,
          nicolae_vaults_closet_pinwheel_5, vaults_dpeg_hooks,
          ontoclasm_vaults_idyll, nicolae_vaults_tetromino_Z_2,
          nicolae_vaults_diamond_2, vaults_room_fancy_cross,
          nicolae_vaults_twisting_passages, vaults_room_mumra_shop_pool,
          hangedman_vaults_restitches, layout_vaults_omnigrid, serial_glass
Vaults:5: uniq_bai_suzhen, uniq_xtahua
Depths:1: layout_twisted_cross, serial_shops, shop, hellmouth_3,
          serial_bayou_lagoon_a, grunt_tough_drop
Depths:2: grunt_deathspiral_large, layout_cave_pools, enter_ziggurat_b,
          grunt_pan_entry_in_and_out, grunt_metal_band, abyss_entry,
          corner_web_ring, kennysheep_small_square, minmay_staircase_statues,
          uniq_enchantress, uniq_asterion, uniq_mara, uniq_sojobo, uniq_grunn
Depths:3: minmay_angry_zag, layout_cave_shapes, hell_entry,
          abyss_entry_flame_altar, infiniplex_staircase_pool_2
Depths:4: evilmike_zot_entry_diamond, layout_cave_pools,
          minmay_misc_feat_secret_circle,
          ploomutoo_gammafunk_ghost_potion_laboratory, hell_entry,
          serial_bayou_pond_a
Zot:1:    layout_misc_corridors
Zot:2:    layout_misc_corridors, zot_minivault_1
Zot:3:    kennysheep_blocky_hall, layout_gridlike, lemuel_baited_zot_trap,
          amcnicky_altar_lugonu_corruption
Zot:4:    layout_twisted_circle
Zot:5:    layout_cathedral_of_symmetry, nicolae_diode_quadrants

Skill      XL: |  1  2  3  4  5  6  7  8  9 10 11 12 13 14 15 16 17 18 19 20 21 22 23 24 |
---------------+-------------------------------------------------------------------------+-----
Fighting       | 1 2 4 5 7 8 10 11 13 15 16 17 18 20 | 20.0
Ranged Weapons | 2 3 4 5 6 8 9 10 12 14 15 17 18 19 20 21 22 24 26 | 26.0
Dodging        | 2 3 4 5 6 7 8 10 11 12 13 15 16 17 18 19 21 | 21.8
Hexes          | 3 |  3.0
Armour         | 1 2 3 5 6 7 8 12 13 16 17 18 | 18.9
Evocations     | 2 4 |  4.0
Shields        | 2 |  2.1
Stealth        | 4 5 7 12 | 12.0
Spellcasting   | 3 |  3.0

Action                     |  1- 3 |  4- 6 |  7- 9 | 10-12 | 13-15 | 16-18 | 19-21 | 22-24 || total
---------------------------+-------+-------+-------+-------+-------+-------+-------+-------++-------
  Melee: Triple crossbow   |       |       |       |       |       |       |       |     1 ||     1
   Fire: Sling             |   158 |    84 |       |       |       |       |       |       ||   242
         Hand crossbow     |       |    70 |   228 |   354 |       |       |       |       ||   652
         Arbalest          |       |       |       |   151 |  1372 |  1430 |  1325 |       ||  4278
         Triple crossbow   |       |       |       |       |       |       |   320 |  1090 ||  1410
   Cast: Slow              |     6 |    11 |       |       |       |       |       |       ||    17
  Evoke: Lightning rod     |       |       |     1 |     5 |    14 |    15 |    17 |     9 ||    61
         Wand              |       |       |       |     2 |       |     6 |    18 |     3 ||    29
         Phantom mirror    |       |       |       |       |       |       |     3 |     2 ||     5
    Use: Scroll            |     3 |     7 |     6 |     5 |    11 |    14 |    11 |    18 ||    75
         Potion            |     1 |     2 |       |       |     3 |     4 |     6 |    14 ||    30
 Armour: Robe              |    10 |       |       |       |       |       |       |       ||    10
         Leather armour    |     2 |    33 |    39 |       |    26 |       |       |       ||   100
         Acid dragon scale |       |       |    27 |   173 |   182 |   198 |   122 |    90 ||   792
         Fire dragon scale |       |       |       |       |       |    14 |    81 |       ||    95
         Scale mail        |       |       |       |       |       |    58 |       |       ||    58
  Dodge: Dodged            |    36 |    73 |   121 |   386 |   776 |  1254 |  1259 |   658 ||  4563
  Block: Other             |       |       |       |       |       |   123 |   135 |       ||   258
         Reflection        |       |       |       |       |       |     8 |    17 |       ||    25

Table legend: (Time is in decaauts)
 A = Elapsed time spent in this place.
 B = Non-inter-level travel time spent in this place.
 C = Inter-level travel time spent in this place.
 D = Time resting spent in this place.
 E = Time spent auto-exploring this place.
 F = Levels seen in this place.
 G = Mean time per level.
                   A        B        C        D        E       F      G
               +--------+--------+--------+--------+--------+-----+--------+
         Total |  57503 |  50448 |   7055 |   5981 |  31331 |  49 | 1173.5 |
       Dungeon |  17532 |  13923 |   3609 |   1104 |   9472 |  15 | 1168.8 |
          Lair |   6263 |   5423 |    840 |    474 |   3660 |   5 | 1252.6 |
         Swamp |   3240 |   3051 |    189 |    475 |   1836 |   4 |  810.0 |
     Snake Pit |   3828 |   3519 |    309 |    260 |   2474 |   4 |  957.0 |
  Orcish Mines |   1902 |   1600 |    302 |    105 |    816 |   2 |  951.0 |
   Elven Halls |   4230 |   3812 |    418 |    876 |   1879 |   3 | 1410.0 |
        Vaults |   8197 |   7719 |    478 |    834 |   4646 |   5 | 1639.4 |
        Depths |   6497 |   5920 |    577 |   1001 |   3193 |   4 | 1624.2 |
           Zot |   5007 |   4678 |    329 |    632 |   3047 |   5 | 1001.4 |
      Ice Cave |    129 |    129 |      0 |      0 |     25 |   1 |  129.0 |
       Volcano |    674 |    674 |      0 |    218 |    281 |   1 |  674.0 |
               +--------+--------+--------+--------+--------+-----+--------+

Top non-repeatable levels by time:
Depths:2: 3204 daAuts
   Elf:3: 2009 daAuts
Vaults:4: 1989 daAuts
    D:10: 1946 daAuts
  Lair:5: 1680 daAuts
Vaults:5: 1656 daAuts
Vaults:2: 1621 daAuts
 Snake:4: 1620 daAuts
    D:13: 1614 daAuts
    D:15: 1600 daAuts
Vaults:1: 1516 daAuts
     D:8: 1505 daAuts
     D:4: 1432 daAuts
Vaults:3: 1414 daAuts
Depths:3: 1406 daAuts
